 Dungeon Crawl Stone Soup version 0.21-a0-522-ga8338f0 (webtiles) character file.

95383 Armakuni the Carver (level 16, -7/147 HPs)
             Began as a Naga Fighter on Dec 6, 2017.
             Was a High Priest of Elyvilon.
             Mangled by the 23-headed Lernaean hydra (12 damage)
             ... on level 4 of the Swamp.
             The game lasted 01:38:15 (26682 turns).

Armakuni the Carver (Naga Fighter)                 Turns: 26682, Time: 01:38:16

Health: -7/147     AC: 19    Str: 22    XL:     16   Next: 14%
Magic:  0/24       EV: 18    Int: 10    God:    Elyvilon [*****.]
Gold:   652        SH:  0    Dex: 18    Spells: 12/15 levels left

rFire    + . .     SeeInvis +   a - +2 scimitar (flame)
rCold    . . .     Gourm    .   c - +1 shield
rNeg     . . .     Faith    .   y - +3 troll leather armour {Snorg}
rPois    +         Spirit   +   t - +0 helmet
rElec    .         Reflect  .   v - scarf {cloud immunity}
rCorr    .         Harm     .   (no gloves)
MR       +++..                  m - +1 naga barding
Stlth    ++........             G - amulet of guardian spirit
HPRegen  0.74/turn              M - ring of protection from magic
MPRegen  0.19/turn              F - ring of protection from fire

@: confused, agile, very slightly contaminated, hasted, quick
A: large, see invisible, deformed body, poison resistance, slowness 2, slow
metabolism 1, spit poison 1, constrict 1, AC +5
a: Spit Poison, Lesser Healing, Heal Other, Purification, Greater Healing,
Divine Vigour, Divine Protection, Renounce Religion


You were on level 4 of the Swamp.
You worshipped Elyvilon.
Elyvilon was extremely pleased with you.
You were not hungry.

You visited 4 branches of the dungeon, and saw 23 of its levels.

You collected 2005 gold pieces.
You spent 1353 gold pieces at shops.

Inventory:

Hand Weapons
 a - a +2 scimitar of flaming (weapon)
 l - a +0 blowgun
Missiles
 g - 14 javelins (quivered)
 n - 4 throwing nets
 q - 2 poisoned tomahawks
 J - 15 curare-tipped needles
Armour
 c - a +1 shield (worn)
 m - a +1 naga barding (worn)
 p - the +5 plate armour of the Six Deaths {Int+4 Dex+5}
   (You bought it in a shop on level 2 of the Orcish Mines)

   It affects your intelligence (+4).
   It affects your dexterity (+5).
 t - a +0 helmet (worn)
 v - a scarf of cloud immunity (worn)
 y - a +3 troll leather armour (worn) {Snorg}
Magical Staves
 s - an uncursed staff of summoning
Jewellery
 F - a ring of protection from fire (right hand)
 G - an amulet of guardian spirit (around neck)
 M - a ring of protection from magic (left hand)
Wands
 h - a wand of polymorph (10)
 j - a wand of iceblast (7)
 D - a wand of disintegration (8)
 E - a wand of flame (34)
Scrolls
 b - 5 scrolls of remove curse
 i - 4 scrolls of magic mapping
 r - 3 scrolls of fog
 x - 3 scrolls of teleportation
 z - 11 scrolls of identify
 A - a scroll of fear
 C - 3 scrolls of amnesia
 H - a scroll of enchant weapon
 P - a scroll of enchant armour
Potions
 d - 3 potions of flight
 e - 13 potions of curing
 k - a potion of ambrosia
 o - 2 potions of agility
 w - a potion of mutation
 B - 2 potions of haste
 I - a potion of cancellation {unknown}
 L - 3 potions of lignification
 Q - a potion of brilliance
Miscellaneous
 R - a lightning rod (1/4)
Comestibles
 f - 12 bread rations
 u - 6 meat rations


   Skills:
 - Level 10.4 Fighting
 - Level 14.3 Long Blades
 * Level 8.0 Armour
 - Level 8.6 Dodging
 - Level 12.4 Shields
 + Level 11.2 Invocations
 - Level 4.0 Evocations


You had 12 spell levels left.
You knew the following spells:

 Your Spells              Type           Power        Failure   Level  Hunger
p - Portal Projectile     Hex/Tloc       #.....       77%         3    ####...


Dungeon Overview and Level Annotations

Branches:
Dungeon (11/15)            Temple (0/1) D:4            Lair (6/6) D:8
  Swamp (4/4) Lair:2        Snake (0/4) Lair:3        Slime (0/5) Lair:6
    Orc (2/2) D:11            Elf (0/3) Orc:2

Altars:
Dithmenos
Elyvilon
Fedhas
Gozag
Hepliaklqana
Makhleb
Nemelex Xobeh
Okawaru
Qazlal
Ru
Sif Muna
Trog
Uskayaw
Vehumet
Wu Jian
Zin
The Shining One
Beogh

Shops:
D:4 }   D:6 ?([   Orc:2 [((*

Annotations:
D:8 Fannar
D:9 exclusion: ice statue
Swamp:4 Lernaean hydra


Innate Abilities, Weirdness & Mutations

You cannot wear boots.
Your serpentine skin is tough. (AC +5)
You have supernaturally acute eyesight. (SInv)
Armour fits poorly on your strangely shaped body.
Your system is resistant to poisons. (rPois)
You cover ground very slowly.
You have a slow metabolism.
You can spit poison.
You can use your snake-like lower body to constrict enemies.


Message History

Unknown command.
Unknown command.
You lop one of the 24-headed Lernaean hydra's heads off!
The flame cauterises the wound!
You slash the 23-headed Lernaean hydra! You burn the 23-headed Lernaean hydra.
The 23-headed Lernaean hydra is heavily wounded.
The 23-headed Lernaean hydra bites you.
* * * LOW HITPOINT WARNING * * *
The 23-headed Lernaean hydra bites you but does no damage.
The 23-headed Lernaean hydra bites you.
The 23-headed Lernaean hydra completely misses you.
The 23-headed Lernaean hydra bites you but does no damage.
The 23-headed Lernaean hydra bites you.
* * * LOW HITPOINT WARNING * * *
The 23-headed Lernaean hydra closely misses you.
The 23-headed Lernaean hydra bites you.
* * * LOW HITPOINT WARNING * * *
The 23-headed Lernaean hydra misses you.
The 23-headed Lernaean hydra bites you!
You die...

.....≈ ♣≈≈♣ ♣♣≈♣♣♣♣...
..≈.§ ♣♣≈≈♣ ♣♣♣♣♣≈♣♣♣♣≈≈
.... ♣..♣♣ ♣♣≈.≈.......≈
$.≈ ♣≈.≈♣♣♣≈..≈≈≈≈≈§≈≈≈ .≈
♣♣..≈.≈≈≈♣≈≈≈≈≈≈≈≈≈
#≈♣♣♣♣♣♣♣≈.≈≈≈≈.♣..≈≈≈≈≈≈≈
#†D♣≈...♣♣♣≈≈≈.♣≈.≈..§≈≈≈§
#§.≈.≈≈.♣♣≈.≈≈.≈.≈≈≈.≈≈.≈.
##...≈≈.D@..≈≈≈.<≈≈≈.≈≈≈≈.
#♣.....≈)≈.≈≈≈...≈≈..≈≈≈≈
#≈≈....≈[♣♣♣♣♣♣≈≈≈≈..≈≈≈.
#≈≈≈≈.≈≈)♣ ♣.≈≈≈§.≈≈≈≈
#≈≈≈.≈≈≈≈♣ ♣.≈≈≈≈..≈≈≈
#≈≈≈≈≈.≈≈≈.≈ ♣...≈.≈..≈≈
.≈≈≈≈♣..≈≈≈/ ♣♣≈♣♣♣♣♣.≈≈
≈♣♣♣♣♣.≈≈≈≈.♣ ♣.≈.≈≈≈≈


You could see the 23-headed Lernaean hydra and a six-headed hydra.

Vanquished Creatures
  Nikola (Lair:2)
  Gastronok (Lair:1)
  Donald (Swamp:4)
  An orc warlord (Orc:2)
  The ghost of Armakuni the Spear-Bearer, a journeyman NaWr of Elyvilon (D:11)
  Azrael (Orc:2)
  Snorg (Lair:3)
  15 hydras
  2 ghost crabs (Swamp:3)
  The ghost of mortelune the Thaumaturge, a journeyman DECj of Vehumet (Lair:1)
  Erica (D:8)
  A catoblepas (Lair:4)
  5 death yaks
  7 alligators
  An orc high priest (Orc:2)
  Sonja (Orc:2)
  Nergalle (Lair:3)
  7 swamp dragons
  3 spriggan druids
  An unseen horror (D:11)
  3 shambling mangroves
  3 orc knights (Orc:2)
  2 orc sorcerers (Orc:2)
  13 elephants
  2 black mambas
  A centaur zombie (D:11)
  Joseph (Lair:1)
  34 spiny frogs
  3 komodo dragons
  A rime drake (Lair:6)
  3 trolls
  5 polar bears
  7 tyrant leeches
  5 slime creatures (Swamp:3)
  Prince Ribbit (D:8)
  19 blink frogs
  5 bog bodies
  12 hornets
  4 dream sheep (Lair:4)
  2 wargs
  9 hippogriffs
  A shadow (Swamp:2)
  A wyvern (Lair:6)
  A wraith (D:10)
  10 yaks
  Eustachio (D:5)
  A hungry ghost (D:10)
  5 spriggans
  6 basilisks
  2 fire elementals (Orc:2)
  A hog (D:7)
  The ghost of brew9 the Grave Robber, an amateur HONe (D:3)
  12 vampire mosquitoes
  26 swamp worms
  2 nagas (Lair:3)
  11 water moccasins
  5 porcupines
  5 hell hounds (Orc:2)
  6 swamp drakes
  22 orc warriors
  3 ice beasts
  7 ogres
  3 black bears
  A hornet zombie (D:8)
  A necrophage (D:10)
  9 centaurs
  2 phantoms (D:6)
  24 wolves
  11 crocodiles
  26 bullfrogs
  A wyvern skeleton (D:10)
  2 scorpions
  5 killer bees (D:10)
  A howler monkey (D:4)
  6 crimson imps
  2 bullfrog zombies
  A quasit (D:7)
  A centaur skeleton (D:10)
  2 jellies (D:10)
  6 hounds
  15 orc priests
  2 bullfrog skeletons
  18 orc wizards
  Crazy Yiuf (D:2)
  A gnoll shaman (D:4)
  Jessica (D:2)
  Ijyb (D:4)
  2 iguanas
  3 worker ants
  A hound zombie (D:7)
  2 worker ant zombies
  3 gnolls (D:4)
  6 adders
  An adder skeleton (D:9)
  11 worms
  2 dart slugs
  6 leopard geckos
  88 orcs
  A bat (D:2)
  5 giant cockroaches
  9 goblins
  3 hobgoblins (D:2)
  14 jackals
  10 kobolds
  6 quokkas
  A ball python skeleton (D:4)
  2 frilled lizards
  A jackal zombie (D:7)
  2 leopard gecko skeletons
  A quokka skeleton (D:6)
  6 rats
  A fungus (D:9)
  A plant (Lair:5)
648 creatures vanquished.

Vanquished Creatures (collateral kills)
  An elephant (Lair:5)
  A polar bear (Lair:4)
  2 nagas (Lair:3)
  A swamp worm (Lair:5)
  A warg (D:11)
  A leopard gecko (D:10)
7 creatures vanquished.

Vanquished Creatures (others)
  The ghost of Typee the Thaumaturge, a journeyman OpFE of Sif Muna (Swamp:1)
  A catoblepas (Lair:4)
  A manticore (Lair:4)
  2 spiny frogs
  A komodo dragon (D:10)
  A polar bear (Lair:4)
  A hornet (Swamp:3)
  A bog body (Swamp:1)
  2 spriggans (Swamp:3)
  A human (D:7)
  2 vampire mosquitoes (Swamp:1)
  3 wargs
  3 orc warriors (Orc:2)
  2 killer bees (D:10)
  2 orc priests (Orc:2)
  2 orc wizards (Orc:2)
  An adder (D:10)
  7 orcs
  A bush (Swamp:4)
  25 fungi
  34 plants
94 creatures vanquished.

Grand Total: 749 creatures vanquished

Notes
Turn   | Place    | Note
-------+----------+-------------------------------------------
     0 | D:1      | Armakuni the Naga Fighter began the quest for the Orb.
     0 | D:1      | Reached XP level 1. HP: 21/21 MP: 1/1
   112 | D:1      | Reached XP level 2. HP: 23/28 MP: 2/2
   749 | D:1      | Reached XP level 3. HP: 34/34 MP: 3/3
   998 | D:2      | Noticed Jessica
  1010 | D:2      | Killed Jessica
  1190 | D:2      | Reached XP level 4. HP: 40/44 MP: 4/4
  1361 | D:2      | Reached skill level 3 in Long Blades
  1559 | D:2      | Found a sparkling altar of Nemelex Xobeh.
  1798 | D:2      | Found a sacrificial altar of Ru.
  1912 | D:2      | Reached XP level 5. HP: 50/50 MP: 5/5
  2005 | D:2      | Found a runed door.
  2010 | D:2      | Noticed Crazy Yiuf
  2016 | D:2      | Killed Crazy Yiuf
  2389 | D:3      | Found a burning altar of Makhleb.
  2389 | D:3      | Noticed a blizzard demon
  2551 | D:3      | Found a white marble altar of Elyvilon.
  2556 | D:3      | Became a worshipper of Elyvilon the Healer
  2625 | D:3      | Noticed brew9's ghost (amateur HONe)
  2649 | D:3      | Killed brew9's ghost
  2649 | D:3      | Reached skill level 4 in Long Blades
  2649 | D:3      | Reached XP level 6. HP: 30/58 MP: 6/6
  2970 | D:3      | Found a glowing golden altar of the Shining One.
  2970 | D:3      | Found a shadowy altar of Dithmenos.
  3263 | D:4      | Found a staircase to the Ecumenical Temple.
  3268 | D:4      | Reached * piety under Elyvilon
  3288 | D:4      | Found a radiant altar of Vehumet.
  3320 | D:4      | Found Xobo's Gadget Emporium.
  3375 | D:4      | Noticed Ijyb
  3376 | D:4      | Paralysed by Ijyb for 6 turns
  3387 | D:4      | Paralysed by Ijyb for 6 turns
  3398 | D:4      | Paralysed by Ijyb for 5 turns
  3404 | D:4      | Killed Ijyb
  3411 | D:4      | Reached skill level 5 in Fighting
  3446 | D:4      | Reached XP level 7. HP: 36/67 MP: 7/7
  3570 | D:4      | Reached skill level 1 in Invocations
  3570 | D:4      | Reached skill level 1 in Evocations
  4049 | D:5      | Entered Level 5 of the Dungeon
  4177 | D:5      | Found a deep blue altar of Sif Muna.
  4278 | D:5      | Reached ** piety under Elyvilon
  4613 | D:5      | Noticed Eustachio
  4632 | D:5      | Killed Eustachio
  4662 | D:5      | Reached XP level 8. HP: 26/74 MP: 10/10
  5124 | D:6      | Found Pemas's Armour Boutique.
  5128 | D:6      | Bought a scarf of cloud immunity for 105 gold pieces
  5206 | D:6      | Reached *** piety under Elyvilon
  5312 | D:6      | Reached skill level 5 in Invocations
  5495 | D:6      | Found Rocevitt's Antique Weapon Shop.
  5845 | D:6      | Found Jiesu's Magic Scroll Shop.
  5870 | D:6      | Found an iron altar of Okawaru.
  6182 | D:7      | Noticed a hippogriff
  6193 | D:6      | Killed a hippogriff
  6193 | D:6      | Reached XP level 9. HP: 12/81 MP: 15/15
  6194 | D:6      | HP: 3/81 [orc/hand axe (2)]
  6822 | D:7      | Reached **** piety under Elyvilon
  6865 | D:7      | Found an ornate altar of the Wu Jian Council.
  7201 | D:7      | Found a hide-covered altar of Uskayaw.
  7249 | D:7      | Reached skill level 5 in Long Blades
  7656 | D:7      | Found a bloodstained altar of Trog.
  7656 | D:7      | Found an iron altar of Okawaru.
  7660 | D:7      | Reached skill level 5 in Shields
  7771 | D:8      | Noticed Erica
  7780 | D:8      | Killed Erica
  7780 | D:8      | Reached skill level 6 in Long Blades
  7780 | D:8      | Reached XP level 10. HP: 81/92 MP: 16/16
  7923 | D:8      | Noticed Prince Ribbit
  7971 | D:8      | Killed Prince Ribbit
  8432 | D:8      | Noticed a two-headed ogre
  8434 | D:8      | Pacified a two-headed ogre
  8565 | D:8      | Reached skill level 7 in Long Blades
  8674 | D:8      | You fall through a shaft for 2 floors!
  8674 | D:10     | Entered Level 10 of the Dungeon
  8992 | D:8      | Found a staircase to the Lair.
  9115 | D:8      | Found a glowing silver altar of Zin.
  9116 | D:8      | Found an opulent altar of Gozag.
  9227 | Lair:1   | Entered Level 1 of the Lair of Beasts
  9227 | Lair:1   | Noticed mortelune's ghost (journeyman DECj)
  9588 | Lair:1   | Noticed Gastronok
  9888 | Lair:1   | Killed mortelune's ghost
 10012 | Lair:1   | Reached skill level 8 in Long Blades
 10056 | Lair:1   | Noticed Joseph
 10087 | Lair:1   | Noticed Fannar
 10647 | D:9      | Reached XP level 11. HP: 57/104 MP: 17/17
 10879 | D:9      | Found a hazy altar of Hepliaklqana.
 11282 | D:9      | Found a blossoming altar of Fedhas.
 11293 | D:9      | Found a stormy altar of Qazlal.
 13073 | D:11     | Found a staircase to the Orcish Mines.
 13109 | D:11     | Reached skill level 9 in Long Blades
 13519 | D:11     | Noticed Armakuni's ghost (journeyman NaWr)
 13616 | D:11     | Killed Armakuni's ghost
 13721 | D:11     | Reached ***** piety under Elyvilon
 13722 | D:11     | Noticed an unseen horror
 13728 | D:11     | Killed an unseen horror
 13747 | D:11     | Learned a level 3 spell: Portal Projectile
 14124 | Lair:1   | Killed Joseph
 14195 | Lair:1   | Noticed a four-headed hydra
 14203 | Lair:1   | Killed a one-headed hydra
 14203 | Lair:1   | Reached skill level 10 in Fighting
 14211 | Lair:1   | Reached XP level 12. HP: 77/116 MP: 12/18
 14223 | Lair:1   | Killed Gastronok
 14223 | Lair:1   | Reached skill level 10 in Long Blades
 16082 | Lair:2   | Found a staircase to the Swamp.
 16817 | Lair:3   | Found a staircase to the Snake Pit.
 16867 | Lair:3   | Reached skill level 11 in Long Blades
 17137 | Lair:3   | Noticed Nergalle
 17148 | Lair:3   | Killed Nergalle
 17201 | Lair:3   | Noticed Snorg
 17204 | Lair:3   | Killed Snorg
 17212 | Lair:3   | Noticed a five-headed hydra
 17460 | Lair:3   | Reached skill level 10 in Shields
 17529 | Lair:3   | Killed a one-headed hydra
 17613 | Lair:3   | Gained mutation: You can use your snake-like lower body to constrict enemies. [Naga growth]
 17613 | Lair:3   | Reached XP level 13. HP: 55/124 MP: 11/19
 17635 | Lair:3   | Reached skill level 12 in Long Blades
 18482 | Lair:4   | Reached ****** piety under Elyvilon
 19113 | Lair:5   | HP: 4/124 [swamp worm (11)]
 19422 | Lair:5   | Reached skill level 13 in Long Blades
 19558 | Lair:5   | Got a spiked leather armour
 19559 | Lair:5   | Identified the +3 leather armour of the Armadillo {rC++ Int-3} (You found it on level 5 of the Lair of Beasts)
 20395 | Lair:6   | Entered Level 6 of the Lair of Beasts
 20484 | Lair:6   | Reached XP level 14. HP: 88/133 MP: 11/20
 20703 | Lair:6   | Reached skill level 14 in Long Blades
 21818 | Lair:6   | Found a staircase to the Slime Pits.
 21862 | Lair:6   | Reached skill level 5 in Armour
 21873 | Lair:6   | Reached skill level 10 in Invocations
 22217 | Orc:1    | Entered Level 1 of the Orcish Mines
 22318 | Orc:2    | Entered Level 2 of the Orcish Mines
 22319 | Orc:2    | Found a staircase to the Elven Halls.
 22917 | Orc:2    | Found a roughly hewn altar of Beogh.
 22923 | Orc:2    | Reached skill level 1 in Dodging
 22957 | Orc:2    | Found Xischic's Antique Weapon Shop.
 22962 | Orc:2    | Bought a shimmering long sword for 212 gold pieces
 22962 | Orc:2    | Identified the +2 long sword "Ushrao Vual" {holy, rC- rN+ MR+} (You bought it in a shop on level 2 of the Orcish Mines)
 23030 | Orc:2    | Noticed Azrael
 23069 | Orc:2    | Killed Azrael
 23203 | Orc:2    | Noticed an orc warlord
 23237 | Orc:1    | Reached XP level 15. HP: 58/140 MP: 4/22
 23378 | Orc:2    | Killed an orc warlord
 23429 | Orc:2    | Found Kuschowk's Antique Armour Shop.
 23430 | Orc:2    | Found a roughly hewn altar of Beogh.
 23434 | Orc:2    | Found Isegiuq's Antique Weapon Boutique.
 23522 | Orc:2    | Found a roughly hewn altar of Beogh.
 23568 | Orc:2    | Found a roughly hewn altar of Beogh.
 23579 | Orc:2    | Reached skill level 5 in Dodging
 23584 | Orc:2    | Found Mehesin's General Store.
 23719 | Orc:2    | Noticed Sonja
 23721 | Orc:2    | Killed Sonja
 23876 | Orc:2    | Found a roughly hewn altar of Beogh.
 23972 | Orc:2    | Bought a transparent plate armour for 1036 gold pieces
 23973 | Orc:2    | Identified the +5 plate armour of the Six Deaths {Int+4 Dex+5} (You bought it in a shop on level 2 of the Orcish Mines)
 24137 | Swamp:1  | Entered Level 1 of the Swamp
 24137 | Swamp:1  | Noticed Nikola
 24174 | Swamp:1  | Noticed Typee's ghost (journeyman OpFE)
 24185 | Swamp:1  | Killed Typee's ghost
 24194 | Lair:2   | Killed Nikola
 25802 | Swamp:4  | Entered Level 4 of the Swamp
 26566 | Swamp:4  | Noticed Donald
 26573 | Swamp:4  | Reached XP level 16. HP: 127/147 MP: 20/24
 26575 | Swamp:4  | Killed Donald
 26661 | Swamp:4  | Noticed the 27-headed Lernaean hydra
 26680 | Swamp:4  | HP: 7/147 [the 24-headed Lernaean hydra (7)]
 26682 | Swamp:4  | Mangled by the 23-headed Lernaean hydra

Vault maps used:
D:1:      minmay_arrival_open_corners
D:2:      nicolae_ru_the_path_less_chosen, nemelex_diamond_rough_becter,
          uniq_jessica, uniq_crazy_yiuf_cottage
D:3:      overflow_temple_1_default, makhleb_altar_promises_db,
          amethyst_overflow_temple_binary
D:4:      vehumet_crystals, minmay_temple_entry_junction_2, serial_shops, shop,
          uniq_ijyb
D:5:      tgw_sif, gup_sewer_entry_bowl, first_bread, uniq_eustachio
D:6:      serial_shops, shop_statue, shop, shop, okawaru_gym_becter
D:7:      grunt_temple_overflow_bloody_war, kennysheep_mini, lemuel_round_altar,
          grunt_livestock
D:8:      grunt_temple_overflow_gold_and_silver, lair_entry_dummy, uniq_erica,
          uniq_prince_ribbit1
D:9:      cheibrodos_frozen_isle, grunt_temple_overflow_forces_of_nature,
          lemuel_doored_altar
D:10:     grunt_potential
D:11:     minmay_orc_entry_guard_dogs
Lair:1:   uniq_gastronok, uniq_joseph, uniq_fannar
Lair:2:   nicolae_swamp_entry_splash_gauntlet
Lair:3:   minmay_snake_entry_guardpost_small, infiniplex_staircase_pool,
          uniq_snorg, uniq_nergalle
Lair:4:   nzn_motion_control, minmay_stone_trees_small, beast_lair_carwin_3,
          grunt_megastairs_1
Lair:5:   worms_lemuel
Lair:6:   minmay_lair_end_frog_pond, slime_dummy
Swamp:1:  nicolae_swamp_feature_on_the_river_bank, infiniplex_staircase_pool_2,
          uniq_nikola
Swamp:2:  serial_swamp_ruin, evilmike_swamp_ruin_house_3,
          evilmike_swamp_ruin_rubble_2, evilmike_swamp_ruin_rubble_1
Swamp:3:  evilmike_swamp_ruin_house_2, swamp_pool1, hangedman_swamp_diagram
Swamp:4:  grunt_swamp_rune_castle, uniq_donald
Orc:2:    grunt_orc_community_town_hall, grunt_orc_community_big_house_2,
          grunt_orc_community_big_house_2, grunt_orc_community_house_3,
          grunt_orc_community_house_3, grunt_orc_community_house_2,
          grunt_orc_community_house_2, grunt_orc_community_house_3, uniq_sonja,
          uniq_azrael

Skill      XL: |  1  2  3  4  5  6  7  8  9 10 11 12 13 14 15 16 |
---------------+-------------------------------------------------+-----
Shields        | 3 4 5 7 8 10 11 12 | 12.4
Long Blades    | 3 4 6 8 9 11 13 14 | 14.3
Fighting       | 4 5 6 8 10 | 10.4
Invocations    | 3 8 9 10 11 | 11.2
Evocations     | 3 4 |  4.0
Armour         | 5 7 8 |  8.0
Dodging        | 3 8 |  8.6

Action                   |  1- 3 |  4- 6 |  7- 9 | 10-12 | 13-15 | 16-18 || total
-------------------------+-------+-------+-------+-------+-------+-------++-------
Melee: Long sword        |    65 |   168 |    66 |       |       |       ||   299
       Quarterstaff      |       |    11 |       |       |       |       ||    11
       Scimitar          |       |       |   200 |   690 |  1341 |    53 ||  2284
       Constrict         |       |       |       |       |   251 |     3 ||   254
 Fire: Blowgun           |       |       |       |       |     8 |       ||     8
Throw: Javelin           |       |       |     8 |    29 |     5 |       ||    42
Invok: Heal Other        |       |       |     3 |    20 |    14 |       ||    37
       Purification      |       |       |       |     1 |     4 |     1 ||     6
       Greater Healing   |       |       |       |       |    12 |     1 ||    13
 Abil: Spit Poison       |    11 |     9 |    15 |    47 |     8 |       ||    90
Evoke: Wand              |       |       |    46 |    40 |    56 |     2 ||   144
       Lightning rod     |       |       |       |       |     6 |     3 ||     9
  Use: Scroll            |       |     8 |     5 |    15 |    10 |     1 ||    39
       Potion            |       |     3 |     3 |    11 |     5 |     3 ||    25
 Stab: Paralysed         |       |       |     6 |    34 |       |       ||    40
       Confused          |       |       |       |       |     1 |       ||     1
  Eat: Chunk             |     1 |     6 |     6 |     8 |    21 |     1 ||    43
       Fruit             |       |     1 |     7 |     4 |     1 |       ||    13
       Royal jelly       |       |       |     1 |     6 |     1 |       ||     8
       Meat ration       |       |       |       |     3 |     3 |       ||     6
Armor: Scale mail        |    30 |       |       |       |       |       ||    30
       Robe              |     1 |       |     5 |       |       |       ||     6
       Ring mail         |       |    43 |     1 |   154 |       |       ||   198
       Leather armour    |       |    23 |    64 |       |       |       ||    87
       Skin              |       |       |       |     6 |       |       ||     6
       Troll leather arm |       |       |       |    26 |   401 |    48 ||   475
Dodge: Dodged            |    11 |    50 |    72 |   160 |   328 |    42 ||   663
Block: Shield            |    34 |    85 |   161 |   378 |   868 |    48 ||  1574
       Rpst.: Long sword |     7 |    17 |     3 |       |       |       ||    27
       Scimitar          |       |       |    19 |    34 |    83 |     3 ||   139

Table legend:
 A = Spawn XP
 B = Non-spawn XP
 C = Spawn XP percentage of total XP
 D = Spawn monster count
 E = Non-spawn monster count
 F = Spawn count percentage of total count
 G = Total turns spent on level
                    A         B        C        D         E        F      G
               +---------+---------+-------+---------+---------+-------+---------
         Total |       0 |  133015 |   0.0 |       0 |     657 |   0.0 | 26682
               +---------+---------+-------+---------+---------+-------+---------
           D:1 |       0 |      38 |   0.0 |       0 |      20 |   0.0 |   993
           D:2 |       0 |     184 |   0.0 |       0 |      29 |   0.0 |  1385
           D:3 |       0 |     262 |   0.0 |       0 |      14 |   0.0 |   851
           D:4 |       0 |     263 |   0.0 |       0 |      13 |   0.0 |   820
           D:5 |       0 |     532 |   0.0 |       0 |      15 |   0.0 |  1075
           D:6 |       0 |    1244 |   0.0 |       0 |      20 |   0.0 |  1402
           D:7 |       0 |    1357 |   0.0 |       0 |      27 |   0.0 |  1245
           D:8 |       0 |    2994 |   0.0 |       0 |      20 |   0.0 |  2227
           D:9 |       0 |     878 |   0.0 |       0 |      18 |   0.0 |  1296
          D:10 |       0 |    2879 |   0.0 |       0 |      39 |   0.0 |  1298
          D:11 |       0 |    3939 |   0.0 |       0 |      19 |   0.0 |  1024
        Lair:1 |       0 |    4877 |   0.0 |       0 |       6 |   0.0 |  1407
        Lair:2 |       0 |    8295 |   0.0 |       0 |      21 |   0.0 |  2026
        Lair:3 |       0 |    8683 |   0.0 |       0 |      22 |   0.0 |  1282
        Lair:4 |       0 |    8799 |   0.0 |       0 |      34 |   0.0 |  1344
        Lair:5 |       0 |    9534 |   0.0 |       0 |      50 |   0.0 |  1402
        Lair:6 |       0 |   26023 |   0.0 |       0 |      88 |   0.0 |  1369
       Swamp:1 |       0 |    3836 |   0.0 |       0 |       9 |   0.0 |   394
       Swamp:2 |       0 |    8561 |   0.0 |       0 |      24 |   0.0 |   856
       Swamp:3 |       0 |   14662 |   0.0 |       0 |      37 |   0.0 |   828
       Swamp:4 |       0 |   12614 |   0.0 |       0 |      24 |   0.0 |   340
         Orc:1 |       0 |     422 |   0.0 |       0 |       5 |   0.0 |   503
         Orc:2 |       0 |   12139 |   0.0 |       0 |     103 |   0.0 |  1315
               +---------+---------+-------+---------+---------+-------+---------
